 Dungeon Crawl Stone Soup version 0.32-a0-928-g1cae6b7ea0 (webtiles) character file.

Game seed: 2699456875945260017

126 Dirtsage the Chopper (level 5, -8/26 HPs)
             Began as a Vine Stalker Gladiator on Apr 12, 2024.
             Killed from afar by Ijyb (19 damage)
             ... with a bolt of acid
             ... on level 3 of the Dungeon.
             The game lasted 00:03:14 (1400 turns).

Dirtsage the Chopper (Vine Stalker Gladiator)       Turns: 1400, Time: 00:03:14

Health: -8/26      AC:  2    Str: 25    XL:     5   Next: 10%
Magic:  0/6        EV:  8    Int:  8    God:
Gold:   71         SH:  0    Dex: 15    Spells: 4/4 levels left

rFire   . . .        a - +0 war axe
rCold   . . .        (no shield)
rNeg    . . .        p - +0 chain mail
rPois   .            c - +0 helmet
rElec   .            (no cloak)
rCorr   .            (no gloves)
SInv    .            g - +0 pair of boots
Will    .....        (no amulet) Stlth
                     i - +6 ring of strength
HPRegen 1.04/turn    (no ring)
MPRegen 0.10/turn

%: guardian spirit
@: corroded
A: fangs 2, regeneration 1, magic shield, antimagic bite, no potion heal 2
a: no special abilities


You were on level 3 of the Dungeon.
You visited 1 branch of the dungeon, and saw 3 of its levels.

You collected 71 gold pieces.

Inventory:

Hand Weapons
 a - a +0 war axe (weapon)
Armour
 b - a +0 leather armour
 c - a +0 helmet (worn)
 g - a +0 pair of boots (worn)
 p - a +0 chain mail (worn)
Magical Staves
 r - a staff of earth
Jewellery
 h - a ring of fire
 i - a +6 ring of strength (left hand)
Scrolls
 j - a scroll of identify {unknown}
 m - 2 scrolls of teleportation {unknown}
 q - a scroll of acquirement {unknown}
 s - a scroll of poison {unknown}
 t - a scroll of torment {unknown}
 u - a scroll of revelation {unknown}
Potions
 f - a potion of mutation {unknown}
 k - 2 potions of lignification {unknown}
 l - 3 potions of curing {unknown}
 n - a potion of enlightenment {unknown}
 o - a potion of attraction {unknown}


   Skills:
 - Level 1.7 Fighting
 + Level 5.1 Axes
 - Level 1.7 Throwing
 - Level 2.4 Dodging


You had 4 spell levels left.
You didn't know any spells.
Your spell library was empty.

Dungeon Overview and Level Annotations

Branches:
Dungeon (3/15)

Altars:
Xom

Annotations:
D:3 Ijyb


Innate Abilities, Weirdness & Mutations

You have extremely sharp teeth.
Your natural rate of healing is unusually fast.
When hurt, damage is shared between your health and your magic reserves.
Your bite disrupts and absorbs the magic of your enemies.
Potions cannot restore your health.


Message History

Aim: Ijyb, wielding a +0 dagger, wearing a +0 ring mail and carrying a wand of acid (50% to hit)
You throw a throwing net. The throwing net hits Ijyb.
Ijyb is caught in the net!
Ijyb struggles against the net.
Ijyb struggles against the net.
You completely miss Ijyb. You bite Ijyb, but do no damage.
Ijyb zaps a wand.
The bolt of acid hits you but does no damage.
The acid corrodes you!
Ijyb struggles against the net.
You hit Ijyb but do no damage. You bite Ijyb, but do no damage.
Ijyb zaps a wand.
The bolt of acid hits you! The acid corrodes you!
Ijyb struggles against the net.
You take 8 damage, and have 18/26 hp.
MASSIVE DAMAGE!!
You now have 4/6 mp.
You hit Ijyb.
Ijyb is lightly wounded.
You hit Ijyb but do no damage.
Ijyb is lightly wounded.
Ijyb zaps a wand.
The bolt of acid hits you!
Ijyb struggles against the net.
The net rips apart, and Ijyb comes free!
You take 10 damage, and have 9/26 hp.
MASSIVE DAMAGE!!
You now have 2/6 mp.
You hit Ijyb but do no damage. Your bite misses Ijyb.
Ijyb is lightly wounded.
Ijyb hits you with a +0 dagger.
You now have 1/6 mp.
You hit Ijyb but do no damage. You bite Ijyb, but do no damage.
Ijyb is lightly wounded.
Ijyb barely misses you.
Okay, then.
You hit Ijyb. Your bite misses Ijyb.
Ijyb is moderately wounded.
Ijyb hits you with a +0 dagger.
You barely miss Ijyb. Your bite misses Ijyb.
Ijyb is moderately wounded.
Ijyb hits you with a +0 dagger.
You now have 0/6 mp.
You hit Ijyb but do no damage. Your bite misses Ijyb.
Ijyb is moderately wounded.
Ijyb barely misses you.
Ijyb zaps a wand.
The bolt of acid hits you!!
Ouch! That really hurt!
You die...
Ijyb moans, "Good help so hard to find!"

#. #.#### ##.((.##
## ......#
:.#.....# #......#
#... #..g.# #..#
#.#@# #..# #.#.#
#..# #.#.# ..#
#.#.#
#.#######.#.#
.#####.#.......#.#
.........###.....#
.#####.### #.#####
.# #.# #.#


You could see Ijyb.

Vanquished Creatures
  Natasha (D:2)
  2 adders
  2 ribbon worms
  A dart slug (D:2)
  5 orcs (D:2)
  10 bats
  6 endoplasms
  2 giant cockroaches
  7 hobgoblins
  2 jackals (D:1)
  4 quokkas
  5 ball pythons
  2 frilled lizards
  5 goblins
  4 kobolds
  6 rats
64 creatures vanquished.

Notes
Turn   | Place    | Note
-------+----------+-------------------------------------------
     0 | D:1      | Dirtsage the Vine Stalker Gladiator began the quest for the
                  | Orb.
     0 | D:1      | Reached XP level 1. HP: 11/11 MP: 2/2
    54 | D:1      | Reached skill level 3 in Axes
    65 | D:1      | Reached XP level 2. HP: 15/15 MP: 3/3
   384 | D:1      | Reached XP level 3. HP: 17/18 MP: 2/4
   678 | D:2      | Reached skill level 4 in Axes
   845 | D:2      | Reached XP level 4. HP: 23/23 MP: 5/5
   926 | D:2      | Noticed Natasha
   937 | D:2      | Killed Natasha
  1133 | D:2      | Identified the +4 short sword of Magnificence {elec, rF+
                  | rC- rN+ Dex+2}
  1175 | D:2      | Found a shimmering altar of Xom.
  1253 | D:3      | Reached skill level 5 in Axes
  1311 | D:3      | Found a faded altar of an unknown god.
  1321 | D:3      | Reached XP level 5. HP: 26/26 MP: 4/6
  1385 | D:3      | Noticed Ijyb
  1400 | D:3      | Killed from afar by Ijyb

Illustrated notes

Levels and vault maps discovered:
D:1:      orjb1_lava_funnel, layout_loops_ring
D:2:      layout_rooms, basic_altar, uniq_natasha
D:3:      kennysheep_goblin_castle, layout_loops_ring,
          ebering_ecumenical_altar_petrified, kennysheep_path_1, uniq_robin,
          uniq_jessica, uniq_ijyb

Skill      XL: |  1  2  3  4 |
---------------+-------------+-----
Axes           | 3 4 5 |  5.1
Fighting       | |  1.7
Throwing       | |  1.7
Dodging        | |  2.4

Action                     |  1- 3 |  4- 6 || total
---------------------------+-------+-------++-------
  Melee: War axe           |    90 |    63 ||   153
         Bite              |    14 |    14 ||    28
  Throw: Throwing net      |       |     3 ||     3
         Javelin           |       |     1 ||     1
   Stab: Sleeping          |     2 |       ||     2
 Armour: Leather armour    |    56 |    14 ||    70
         Chain mail        |       |    32 ||    32
  Dodge: Dodged            |    67 |    28 ||    95

Table legend: (Time is in decaauts)
 A = Elapsed time spent in this place.
 B = Non-inter-level travel time spent in this place.
 C = Inter-level travel time spent in this place.
 D = Time resting spent in this place.
 E = Time spent auto-exploring this place.
 F = Levels seen in this place.
 G = Mean time per level.
                   A        B        C        D        E       F      G
               +--------+--------+--------+--------+--------+-----+--------+
         Total |   1443 |   1371 |     72 |      0 |    965 |   3 |  481.0 |
       Dungeon |   1443 |   1371 |     72 |      0 |    965 |   3 |  481.0 |
               +--------+--------+--------+--------+--------+-----+--------+

Top non-repeatable levels by time:
     D:1: 692 daAuts
     D:2: 588 daAuts
     D:3: 163 daAuts
